 Dungeon Crawl Stone Soup version 0.31-a0-83-gbff143cfd1 (webtiles) character file.

Game seed: 7317592599424726088

14 Esekla the Sneak (level 2, 10/21 HPs)
             Began as an Octopode Delver on May 24, 2023.
             Quit the game on level 5 of the Dungeon.
             The game lasted 00:00:51 (123 turns).

Esekla the Sneak (Octopode Delver)                   Turns: 123, Time: 00:00:51

Health: 10/21      AC:  1    Str: 11    XL:     2   Next: 41%
Magic:  2/2        EV: 13    Int: 12    God:
Gold:   0          SH:  0    Dex: 13    Spells: 1/1 levels left

rFire   . . .        a - +0 falchion
rCold   . . .        (no shield)
rNeg    . . .        (helmet restricted)
rPois   .            (no amulet)
rElec   .            (no ring)
rCorr   .            (no ring)
SInv    .            (no ring)
Will    .....        (no ring)
Stlth   ++++         (no ring)
HPRegen 0.23/turn    (no ring)
MPRegen 0.08/turn    (no ring)
                     (no ring)

%: no passive effects
@: no status effects
A: almost no armour, amphibious, 8 rings, camouflage 1, gelatinous body 1,
(nimble swimmer 1), tentacles
a: no special abilities


You were on level 5 of the Dungeon.
You visited 1 branch of the dungeon, and saw 1 of its levels.

Inventory:

Hand Weapons
 a - a +0 falchion (weapon)
Missiles
 c - 3 boomerangs (quivered)
Wands
 f - a wand of digging (3)
Scrolls
 b - 2 scrolls of fog
 d - a scroll of fear
 g - a scroll of summoning {unknown}
 h - a scroll of magic mapping
Potions
 e - a potion of haste


   Skills:
 * Level 3.1 Fighting
 * Level 2.1 Long Blades
 * Level 2.1 Dodging
 + Level 6.9 Stealth
 * Level 0.3 Spellcasting


You had one spell level left.
You didn't know any spells.
Your spell library was empty.

Dungeon Overview and Level Annotations

Branches:
Dungeon (5/15)             Temple (0/1) D:5

Altars:
Wu Jian


Innate Abilities, Weirdness & Mutations

You cannot wear most types of armour.
You are amphibious.
You can wear up to eight rings at the same time.
Your skin changes colour to match your surroundings (Stealth+).
Your rubbery body absorbs attacks. (AC +1, EV +1)
((You are camouflaged when in or above water. (Stealth+)))
You have tentacles for arms and can constrict up to eight enemies at once.


Message History

HP restored.
Things that are here:
a +0 flail; a +0 club; an orc corpse
Things that are here:
a +0 club; a +0 scale mail
Things that are here:
a +0 flail; a +0 leather armour; an orc corpse
Things that are here:
a +0 hand axe; 3 boomerangs; a +0 leather armour
c - 3 boomerangs
Found a scroll labelled ISOEHYAKHLU.
Found a stone staircase leading down.
Found a stone staircase leading up.
g - a scroll labelled ISOEHYAKHLU
Found a mace.
Found 8 stones.
You see here a +0 mace.
A worm comes into view.
Found a scroll of magic mapping.
Found a scroll of fog.
You see here a scroll of fog.
b - 2 scrolls of fog (gained 1)
You see here a scroll of magic mapping.
h - a scroll of magic mapping You barely miss the worm.
You grab the worm. You squeeze the worm.
The worm is lightly wounded.
You constrict the worm. The worm barely misses you.
You hit the worm. You squeeze the worm!
The worm is almost dead.
You constrict the worm.
You kill the worm!
You see here a worm corpse.
A worm comes into view.
An iguana comes into view.
The iguana hisses angrily.
The iguana closely misses you.
Found an ornate altar of the Wu Jian Council.
The iguana bites you!
Ouch! That really hurt!
Are you sure you want to abandon this character and quit the game? (Confirm with "yes".)

**,,,.......†.......##
,,,,,.............###
,,,,,...........###
,,,,,............###
,,,,,..............#
,,,,,............###
,,,,,............##
<,,,,..........w..##
,,,,*.#..#.....l@..#
,,,,**#..#.#.......#
,,,,,**,...##......#*
,,,,****..,*#.#.#...#
***,*,,,,,**###.#####
*,,,,,,,,,,**8..,8**
,,,,,*,,****,,..,,,**
,*,,**,,,**8,.._,,,8*
**,,**,,,***,,,,,,,***


You could see a worm and an iguana.

Vanquished Creatures
  A worm (D:5)
  5 orcs (D:5)
6 creatures vanquished.

Notes
Turn   | Place    | Note
-------+----------+-------------------------------------------
     0 | D:5      | Esekla the Octopode Delver began the quest for the Orb.
     0 | D:5      | Reached XP level 1. HP: 16/16 MP: 1/1
    26 | D:5      | Reached XP level 2. HP: 17/21 MP: 2/2
   122 | D:5      | Found an ornate altar of the Wu Jian Council.
   123 | D:5      | Quit the game

Illustrated notes

Levels and vault maps discovered:
D:5:      layout_cave_pools, nzn_wu_jian_council_hall,
          minmay_temple_entry_proselytizer

Action                     || total
---------------------------++-------
  Melee: Falchion          ||    10
         Constrict         ||     4
         Tentacles         ||     4
    Use: Scroll            ||     1
  Dodge: Dodged            ||     9

Table legend: (Time is in decaauts)
 A = Elapsed time spent in this place.
 B = Non-inter-level travel time spent in this place.
 C = Inter-level travel time spent in this place.
 D = Time resting spent in this place.
 E = Time spent auto-exploring this place.
 F = Levels seen in this place.
 G = Mean time per level.
                   A        B        C        D        E       F      G
               +--------+--------+--------+--------+--------+-----+--------+
         Total |    125 |    125 |      0 |     49 |      0 |   1 |  125.0 |
       Dungeon |    125 |    125 |      0 |     49 |      0 |   1 |  125.0 |
               +--------+--------+--------+--------+--------+-----+--------+

Top non-repeatable levels by time:
     D:5: 125 daAuts
